 Dungeon Crawl Stone Soup version 0.30-a0-241-g1121274140 (webtiles) character file.

Game seed: 11231609949496508048

427 bande the Covered (level 6, -4/38 HPs)
             Began as a Gargoyle Fighter on Oct 10, 2022.
             Was a Follower of Okawaru.
             Slain by a yak (11 damage)
             ... on level 4 of the Dungeon.
             The game lasted 00:07:16 (2782 turns).

bande the Covered (Gargoyle Fighter)                Turns: 2782, Time: 00:07:16

Health: -4/38      AC: 19    Str: 20    XL:     6   Next: 97%
Magic:  7/7        EV:  5    Int:  8    God:    Okawaru [*.....]
Gold:   278        SH:  0    Dex: 11    Spells: 5/5 levels left

rFire   . . .      SeeInvis .    a - +0 war axe
rCold   . . .      Faith    .    c - +0 buckler
rNeg    + . .      Spirit   .    n - +0 plate armour
rPois   ∞          Reflect  .    f - +1 helmet
rElec   +          Harm     .    m - +0 cloak
rCorr   .          Rampage  .    (no gloves)
Will    .....                    (no boots)
Stlth   ..........               (no amulet)
HPRegen 0.26/turn                (no ring)
MPRegen 0.10/turn                (no ring)

@: confused, mighty
A: sickness immunity, AC +4, negative energy resistance 1, electricity
resistance, torment resistance 1, petrification resistance
a: Renounce Religion, Heroism


You were on level 4 of the Dungeon.
You worshipped Okawaru.
Okawaru was aware of your devotion.
You visited 1 branch of the dungeon, and saw 5 of its levels.

You collected 278 gold pieces.

Inventory:

Hand Weapons
 a - a +0 war axe (weapon)
 s - a +2 flail of holy wrath
Armour
 c - a +0 buckler (worn)
 f - a +1 helmet (worn)
 m - a +0 cloak (worn)
 n - a +0 plate armour (worn)
Jewellery
 p - an amulet of reflection
Wands
 g - a wand of mindburst (11)
Scrolls
 h - 3 scrolls of blinking
 i - a scroll of teleportation
 u - a scroll of enchant armour
Potions
 b - a potion of ambrosia
 e - 2 potions of mutation
 j - a potion of invisibility
 k - 3 potions of brilliance
 l - a potion of haste
 o - a potion of magic
 q - a potion of curing
 r - a potion of heal wounds {unknown}
 t - 2 potions of flight {unknown}


   Skills:
 + Level 4.2 Fighting
 + Level 4.4 Axes
 + Level 4.5 Armour
 + Level 4.2 Shields
 * Level 2.1 Invocations
 * Level 0.8 Evocations


You had 5 spell levels left.
You didn't know any spells.
Your spell library contained the following spells:

 Spells                   Type           Power      Damage    Failure   Level
 Magic Dart               Conj           0%         1d3       100%        1
 Searing Ray              Conj           0%         2d4       100%        2
 Wereblood                Tmut           0%         N/A       100%        2
 Hailstorm                Conj/Ice       0%         3d3       100%        3
 Fulminant Prism          Conj/Hex       0%         3d6       100%        4
 Ice Form                 Ice/Tmut       0%         N/A       100%        4
 Sublimation of Blood     Necr           Unusable   N/A       N/A         2
 Simulacrum               Ice/Necr       Unusable   N/A       N/A         6
 Summon Hydra             Summ           Unusable   N/A       N/A         7

Dungeon Overview and Level Annotations

Branches:
Dungeon (5/15)
 Temple: D:4-7

Altars:
Okawaru

Annotations:
D:4 1 transporter


Innate Abilities, Weirdness & Mutations

You are immune to sickness and miasma.
Your stone body is resilient. (AC +4)
You are immune to poison.
You resist negative energy. (rN+)
You are resistant to electric shocks. (rElec)
You are resistant to unholy torment.
You are immune to petrification.


Message History

* * * LOW HITPOINT WARNING * * *
Unknown command.
You feel very mighty all of a sudden. You block the hound's attack.
You block the orc's attack. The orc hits you but does no damage.
The yak gores you.
* * * LOW HITPOINT WARNING * * *
Unknown command.
You barely miss the yak.
The yak is moderately wounded.
You hit the hound but do no damage. You barely miss the orc.
You closely miss the orc.
The hound bites you but does no damage. x2
You block the orc's attack. The orc hits you but does no damage.
The yak gores you but does no damage.
Unknown command.
You slash the yak!
The yak is severely wounded.
You slash the hound!
You kill the hound!
Okawaru accepts your kill.
You slash the orc!
You kill the orc!
Okawaru accepts your kill.
You closely miss the orc. The orc hits you but does no damage.
The yak gores you but does no damage.
Unknown command.
You hit the yak.
The yak is severely wounded.
You slash the orc!
You kill the orc!
Okawaru accepts your kill.
The orc wizard points at you and mumbles some strange words.
The magic dart hits you but does no damage.
The yak gores you but does no damage. The orc wizard casts a spell at you.
You are confused.
The yak gores you but does no damage.
You barely miss the yak.
The yak is severely wounded.
The yak gores you!
You die...

....[.....
.........
######....# .
#......# .# ..
#......# .# ...
#......##(#.$..#
#......|.......#
#.Y......##....
#>@)....###...#
#†).....# ...#
#######.# #..#
#..####..##
#.........###.
#.#####....©#.
#.# #....##. ###
#...##. #..##.##


You could see a yak.

Vanquished Creatures
  A necrophage (D:4)
  An orc priest (D:4)
  A hound (D:4)
  An iguana (D:5)
  2 orc wizards
  4 gnolls
  8 adders
  2 shadow imps
  An ufetubus (D:4)
  A worm (D:2)
  3 dart slugs
  7 orcs
  8 ball pythons
  13 endoplasms
  A giant cockroach (D:1)
  5 goblins
  6 hobgoblins
  10 kobolds
  2 quokkas
  5 bats
  3 frilled lizards
  2 rats
87 creatures vanquished.

Notes
Turn   | Place    | Note
-------+----------+-------------------------------------------
     0 | D:1      | bande the Gargoyle Fighter began the quest for the Orb.
     0 | D:1      | Reached XP level 1. HP: 14/14 MP: 1/1
   111 | D:1      | Reached XP level 2. HP: 13/19 MP: 2/2
   322 | D:1      | Reached XP level 3. HP: 23/23 MP: 3/3
   802 | D:2      | Reached XP level 4. HP: 18/29 MP: 4/4
  1580 | D:4      | Found an iron altar of Okawaru.
  1596 | D:4      | Became a worshipper of Warmaster Okawaru
  1641 | D:4      | Reached XP level 5. HP: 23/33 MP: 5/5
  2110 | D:3      | Reached skill level 1 in Invocations
  2434 | D:4      | Reached XP level 6. HP: 37/38 MP: 5/7
  2561 | D:4      | Reached * piety under Okawaru
  2647 | D:4      | Found a transporter.
  2693 | D:5      | Entered Level 5 of the Dungeon
  2764 | D:5      | Noticed a yak
  2768 | D:5      | Noticed a yak
  2768 | D:5      | Noticed a yak
  2769 | D:5      | Noticed a yak
  2769 | D:5      | Noticed a yak
  2782 | D:4      | Slain by a yak

Illustrated notes

Levels and vault maps discovered:
D:1:      spicycebolla_arrival_ecumenical, layout_rooms, bh_walls_and_bars
D:2:      minmay_wonky_spiral, layout_basic
D:3:      layout_basic
D:4:      layout_rooms, mainiacjoe_overflow_boulevard,
          gammafunk_ghost_abyssal_escape, minmay_bisected
D:5:      layout_cave_pools, wad_floor_pattern_1, st_stairs_3,
          dreamdust_princess_corridor

Skill      XL: |  1  2  3  4  5  6 |
---------------+-------------------+-----
Axes           | 2 3 4 |  4.4
Armour         | 4 |  4.5
Fighting       | 4 |  4.2
Shields        | 4 |  4.2
Invocations    | 1 2 |  2.1
Evocations     | |  0.8

Action                   |  1- 3 |  4- 6 || total
-------------------------+-------+-------++-------
Melee: War axe           |    90 |   187 ||   277
  Use: Scroll            |     7 |     6 ||    13
       Potion            |       |     1 ||     1
Armor: Scale mail        |    46 |    13 ||    59
       Plate armour      |       |   167 ||   167
Dodge: Dodged            |    32 |    58 ||    90
Block: Buckler           |    22 |    57 ||    79

Table legend: (Time is in decaauts)
 A = Elapsed time spent in this place.
 B = Non-inter-level travel time spent in this place.
 C = Inter-level travel time spent in this place.
 D = Time resting spent in this place.
 E = Time spent auto-exploring this place.
 F = Levels seen in this place.
 G = Mean time per level.
                   A        B        C        D        E       F      G
               +--------+--------+--------+--------+--------+-----+--------+
         Total |   2893 |   2794 |     99 |    282 |   1672 |   5 |  578.6 |
       Dungeon |   2893 |   2794 |     99 |    282 |   1672 |   5 |  578.6 |
               +--------+--------+--------+--------+--------+-----+--------+

Top non-repeatable levels by time:
     D:2: 949 daAuts
     D:4: 684 daAuts
     D:3: 619 daAuts
     D:1: 554 daAuts
     D:5: 87 daAuts
